 Dungeon Crawl Stone Soup version 0.29.1-2-gbd0b4ee654 (webtiles) character file.

Game seed: 2280040096371368979

282 cdecastro the Grave Robber (level 6, -1/41 HPs)
             Began as a Mummy Necromancer on Nov 13, 2022.
             Was a Follower of Wu Jian.
             Slain by a phantom (4 damage)
             ... on level 6 of the Dungeon.
             The game lasted 00:09:14 (5561 turns).

cdecastro the Grave Robber (Mummy Necromancer)      Turns: 5561, Time: 00:09:15

Health: -1/41      AC:  4    Str: 17    XL:     6   Next: 6%
Magic:  10/10      EV: 12    Int: 17    God:    Wu Jian [*.....]
Gold:   492        SH:  0    Dex: 12    Spells: 6/10 levels left

rFire   x . .      SeeInvis .   f - +0 short sword (venom)
rCold   + . .      Faith    .   (no shield)
rNeg    + + +      Spirit   .   a - +0 robe
rPois   ∞          Reflect  .   (no helmet)
rElec   .          Harm     .   (no cloak)
rCorr   .          Rampage  .   u - +0 pair of gloves
Will    .....                   o - +0 pair of boots
Stlth   ++........              (no amulet)
HPRegen 0.13/turn               j - ring of wizardry
MPRegen 0.12/turn               s - +6 ring of strength

@: no status effects
A: cold resistance 1, negative energy resistance 3, torment resistance 2, heat
vulnerability 1, in touch with death 1, no potions
a: Renounce Religion


You were on level 6 of the Dungeon.
You worshipped Wu Jian.
Wu Jian was aware of your devotion.
You visited 1 branch of the dungeon, and saw 6 of its levels.

You collected 492 gold pieces.

Inventory:

Hand Weapons
 c - a +0 dagger
 f - a +0 short sword of venom (weapon)
Missiles
 d - 31 stones
 i - 9 javelins
 p - 3 poisoned darts
 w - 6 boomerangs
Armour
 a - a +0 robe (worn)
 o - a +0 pair of boots (worn)
 u - a +0 pair of gloves (worn)
Jewellery
 j - a ring of wizardry (left hand)
 q - an amulet of faith
 s - a +6 ring of strength (right hand)
Wands
 m - a wand of flame (19)
 v - a wand of mindburst (11)
Scrolls
 b - 10 scrolls of identify {unknown}
 e - a scroll of fog {unknown}
 g - a scroll of magic mapping {unknown}
 h - a scroll of blinking {unknown}
 k - a scroll of amnesia {unknown}
 l - a scroll of vulnerability {unknown}
 n - a scroll of immolation {unknown}
 r - a scroll of acquirement {unknown}
 t - 3 scrolls of teleportation {unknown}


   Skills:
 - Level 1.5 Dodging
 - Level 1.5 Stealth
 - Level 2.6 Spellcasting
 + Level 7.4 Necromancy


You had 6 spell levels left.
You knew the following spells:

 Your Spells              Type           Power      Damage    Failure   Level
a - Necrotise             Necr           100%       1d9       1%          1
b - Vampiric Draining     Necr           41%        2d8       1%          3

Your spell library contained the following spells:

 Spells                   Type           Power      Damage    Failure   Level
 Animate Dead             Necr           41%        N/A       3%          4
 Apportation              Tloc           4%         N/A       8%          1
 Summon Small Mammal      Summ           8%         N/A       8%          1
 Agony                    Necr           41%        N/A       10%         5
 Ensorcelled Hibernation  Hex/Ice        4%         N/A       11%         2
 Anguish                  Hex/Necr       11%        N/A       16%         4
 Summon Hydra             Summ           1%         N/A       100%        7
 Sublimation of Blood     Necr           Unusable   N/A       N/A         2
 Wereblood                Tmut           Unusable   N/A       N/A         2
 Spider Form              Tmut/Pois      Unusable   N/A       N/A         3

Dungeon Overview and Level Annotations

Branches:
Dungeon (6/15)             Temple (0/1) D:4

Altars:
Ashenzari
Qazlal
Wu Jian

Shops:
D:5 *

Annotations:
D:3 exclusion: kobold brigand
D:4 1 runed translucent door, Crazy Yiuf
D:5 exclusions: 2 black bears and ogre
D:6 exclusion: black bear


Innate Abilities, Weirdness & Mutations

You are immune to poison.
Your flesh is cold resistant. (rC+)
You are immune to negative energy. (rN+++)
You are immune to unholy pain and torment.
You are vulnerable to heat. (rF-)
You are in touch with the powers of death.
You do not drink.


Message History

You hit the phantom but do no damage.
The phantom is lightly damaged.
The phantom hits you.
* * * LOW HITPOINT WARNING * * *
You hit the phantom.
The phantom is lightly damaged.
The phantom hits you.
* * * LOW HITPOINT WARNING * * *
You hit the phantom.
The phantom is lightly damaged.
The phantom hits you but does no damage.
The phantom hits you.
* * * LOW HITPOINT WARNING * * *
You hit the phantom but do no damage.
The phantom is lightly damaged.
The phantom hits you but does no damage.
You hit the phantom.
The phantom is moderately damaged.
The phantom closely misses you.
You closely miss the phantom.
The phantom is lightly damaged.
The phantom closely misses you.
You closely miss the phantom.
The phantom is lightly damaged.
The phantom barely misses you.
You closely miss the phantom.
The phantom is lightly damaged.
The phantom closely misses you.
You closely miss the phantom.
The phantom is lightly damaged.
The phantom hits you!
* * * LOW HITPOINT WARNING * * *
The phantom blinks!
You blink.
You spin and attack the phantom.
You barely miss the phantom.
The phantom is lightly damaged.
The phantom closely misses you.
You spin and attack the phantom.
You barely miss the phantom.
The phantom is lightly damaged.
The phantom hits you.
You die...

....<.....#
.#
######....#
.#
#....#.##.#
#.###...#.##
#........#.#
#####...#.#
##.##.#
#.##.#
#####.##@#
o......W.#
......##.#
#.o#.. #.#
..## #.# #.
#.# # #.#
..# ###


You could see a phantom and an orc.

Vanquished Creatures
  2 scorpions
  An orc wizard (D:4)
  4 adders
  A worm (D:2)
  3 dart slugs
  9 orcs
  3 ball pythons
  8 endoplasms
  5 giant cockroaches
  7 hobgoblins
  6 quokkas
  8 bats
  5 frilled lizards
  12 goblins
  6 kobolds
  2 rats
82 creatures vanquished.

Notes
Turn   | Place    | Note
-------+----------+-------------------------------------------
     0 | D:1      | cdecastro the Mummy Necromancer began the quest for the
                  | Orb.
     0 | D:1      | Reached XP level 1. HP: 13/13 MP: 4/4
   455 | D:1      | Reached XP level 2. HP: 19/19 MP: 0/5
  1041 | D:1      | Reached skill level 5 in Necromancy
  1082 | D:1      | Gained mutation: You are in touch with the powers of death.
                  | [Mummy growth]
  1082 | D:1      | Reached XP level 3. HP: 24/24 MP: 1/7
  1722 | D:2      | Learned a level 3 spell: Vampiric Draining
  2211 | D:2      | Reached XP level 4. HP: 30/30 MP: 8/8
  2484 | D:3      | Found a broken altar of Ashenzari.
  2761 | D:3      | Noticed a kobold brigand
  2996 | D:3      | Found a faded altar of an unknown god.
  3012 | D:3      | Prayed at the altar of an unknown god.
  3012 | D:3      | Became a worshipper of the Wu Jian Council
  3012 | D:3      | Reached * piety under Wu Jian
  3381 | D:3      | Found a faded altar of an unknown god.
  3477 | D:4      | Noticed a scorpion
  3485 | D:4      | Killed a scorpion
  3486 | D:4      | Reached skill level 6 in Necromancy
  3486 | D:4      | Reached XP level 5. HP: 17/35 MP: 3/9
  4158 | D:4      | Found a runed translucent door.
  4159 | D:4      | Noticed Crazy Yiuf
  4613 | D:4      | Found a staircase to the Ecumenical Temple.
  4829 | D:5      | Entered Level 5 of the Dungeon
  4842 | D:5      | Found Zin's Purification Station.
  4866 | D:5      | Found a stormy altar of Qazlal.
  4868 | D:5      | Noticed an ogre
  4922 | D:5      | Reached skill level 7 in Necromancy
  4941 | D:5      | Noticed a black bear
  5127 | D:5      | Noticed a black bear
  5145 | D:5      | Reached XP level 6. HP: 40/41 MP: 10/10
  5561 | D:6      | Slain by a phantom

Illustrated notes

Levels and vault maps discovered:
D:1:      minmay_arrival_nine_rooms, layout_loops_ring, minmay_liquid_box
D:2:      layout_loops_ring, minmay_unequal
D:3:      layout_loops_ring, nicolae_ashenzari_panopticon,
          beargit_hepliaklqana_dungeon_heroes, shapermc_ecumenical_altar_pompeii
D:4:      layout_basic, temple_doors_cd, dreamdust_wishing_well,
          uniq_crazy_yiuf_cottage
D:5:      layout_loops_ring, zin_purify, mainiacjoe_overflow_chevrons
D:6:      layout_loops_ring, minmay_strange_pillars, kennysheep_diamond

Skill      XL: |  1  2  3  4  5 |
---------------+----------------+-----
Necromancy     | 5 6 7 |  7.4
Dodging        | |  1.5
Stealth        | |  1.5
Spellcasting   | |  2.6

Action                   |  1- 3 |  4- 6 || total
-------------------------+-------+-------++-------
Melee: Unarmed           |     6 |       ||     6
       Dagger            |     2 |       ||     2
       Short sword       |     8 |   138 ||   146
       Punch             |       |     1 ||     1
 Cast: Necrotise         |    72 |    15 ||    87
       Vampiric Draining |     1 |     1 ||     2
Invok: Lunge             |       |     9 ||     9
       Whirlwind         |       |     3 ||     3
 Stab: Sleeping          |     3 |     4 ||     7
       Distracted        |       |     1 ||     1
Armor: Robe              |     3 |    29 ||    32
Dodge: Dodged            |    21 |    88 ||   109
